 Dungeon Crawl Stone Soup version 0.22-a0-609-gfedc9ff (webtiles) character file.

123 Hebeh the Magician (level 4, -2/24 HPs)
             Began as a Deep Elf Fire Elementalist on July 10, 2018.
             Slain by a worker ant (5 damage)
             ... on level 6 of the Dungeon.
             The game lasted 00:14:18 (3655 turns).

Hebeh the Magician (Deep Elf Fire Elementalist)     Turns: 3655, Time: 00:14:19

Health: -2/24      AC:  2    Str:  5    XL:     4   Next: 80%
Magic:  12/12      EV: 13    Int: 21    God:
Gold:   94         SH:  0    Dex: 15    Spells: 10/11 levels left

rFire    . . .     SeeInvis .   a - +0 whip (elec)
rCold    . . .     Gourm    .   (no shield)
rNeg     . . .     Faith    .   l - +0 robe
rPois    .         Spirit   .   (no helmet)
rElec    .         Reflect  .   (no cloak)
rCorr    .         Harm     .   (no gloves)
MR       .....                  (no boots)
Stlth    ++........             (no amulet)
HPRegen  0.08/turn              (no ring)
MPRegen  0.13/turn              (no ring)

@: no status effects
A: no striking features
a: no special abilities


You were on level 6 of the Dungeon.
You were not hungry.

You visited 1 branch of the dungeon, and saw 4 of its levels.

You collected 94 gold pieces.

Inventory:

Hand Weapons
 a - a +0 whip of electrocution (weapon)
 e - a +0 dagger
 m - a +0 rapier of holy wrath
 s - a +0 vampiric hand axe
Missiles
 d - 97 stones (quivered)
 n - 9 sling bullets
Armour
 l - a +0 robe (worn)
 z - the +0 pair of gloves of Jypojor {rF+ rCorr Str+2 SInv, unknown}
   (You found it on level 6 of the Dungeon)

   It affects your strength (+2).
   It protects you from fire.
   It lets you see invisible.
   It protects you from acid and corrosion.
Wands
 x - a wand of digging (19)
Scrolls
 f - 3 scrolls of identify {unknown}
 i - 3 scrolls of remove curse {unknown}
 k - 2 scrolls of enchant armour {unknown}
 o - 2 scrolls of enchant weapon {unknown}
 p - 2 scrolls of fog {unknown}
 v - a scroll of teleportation {unknown}
 w - a scroll of fear {unknown}
 y - a scroll of immolation {unknown}
Potions
 b - 4 potions of curing
 g - 4 potions of heal wounds {unknown}
 h - a potion of flight {unknown}
 j - a potion of haste {unknown}
 r - 2 potions of invisibility {unknown}
 t - a potion of lignification {unknown}
 u - a potion of agility {unknown}
Comestibles
 c - 8 rations
 q - 2 chunks of flesh


   Skills:
 - Level 2.4 Dodging
 - Level 2.4 Stealth
 + Level 4.2 Spellcasting
 * Level 3.6 Conjurations
 + Level 4.2 Fire Magic


You had 10 spell levels left.
You knew the following spells:

 Your Spells              Type           Power        Failure   Level  Hunger
a - Flame Tongue          Conj/Fire      ###..        2%          1    None

Your spell library contained the following spells:

 Spells                   Type           Power        Failure   Level  Hunger
 Fireball                 Conj/Fire      ###.......   54%         5    ######.
 Conjure Flame            Conj/Fire      ###.....     7%          3    ###....
 Throw Flame              Conj/Fire      ###...       3%          2    #......
 Sticky Flame             Conj/Fire      ###.....     22%         4    ####...
 Inner Flame              Hex/Fire       ##......     14%         3    ###....


Dungeon Overview and Level Annotations

Branches:
Dungeon (3/15)

Altars:
Fedhas
Wu Jian

Annotations:
D:3 2 transporters


Message History

Found a pair of twisted gloves.
The worker ant bites you but does no damage.
The worker ant barely misses you. The worker ant bites you.
The sky beast flickers out of sight!
Deactivating autopickup; reactivate with Ctrl-A.
You see here a pair of twisted gloves.
z - a pair of twisted gloves The worker ant barely misses you.
The worker ant bites you. Something hits you but does no damage.
The worker ant misses you. The worker ant bites you.
A sky beast appears from thin air!
Reactivating autopickup.
The worker ant barely misses you. The worker ant bites you.
The sky beast flickers out of sight!
Deactivating autopickup; reactivate with Ctrl-A.
The worker ant bites you!
* * * LOW HITPOINT WARNING * * *
The worker ant bites you.
You die...

### #### ## ..#
#.. ..##. #.##
#.# #.#.
#.####.####..#
#...........##
##a####.####..##
. #@##
#.###....#.#
#...##
#.##......# ##.#
#.......### #.
######.## # #.#
#.# ##'##
##...## #.....#


You could see a worker ant.

Vanquished Creatures
  A gnoll (D:1)
  2 adders
  An ooze (D:1)
  5 leopard geckos
  4 orcs
  2 ball pythons (D:3)
  6 bats
  6 giant cockroaches
  14 goblins
  12 hobgoblins
  4 jackals (D:3)
  2 quokkas
  3 frilled lizards
  7 kobolds
  5 rats
74 creatures vanquished.

Notes
Turn   | Place    | Note
-------+----------+-------------------------------------------
     0 | D:1      | Hebeh the Deep Elf Fire Elementalist began the quest for the Orb.
     0 | D:1      | Reached XP level 1. HP: 10/10 MP: 6/6
   281 | D:1      | Reached XP level 2. HP: 15/15 MP: 4/8
   877 | D:1      | Reached XP level 3. HP: 19/19 MP: 6/10
  2037 | D:2      | Reached XP level 4. HP: 24/24 MP: 9/11
  2383 | D:3      | Found an ornate altar of the Wu Jian Council.
  2384 | D:3      | Found a transporter.
  3181 | D:3      | Found a transporter.
  3355 | D:3      | Found a blossoming altar of Fedhas.
  3628 | D:3      | You fall through a shaft for 3 floors!
  3628 | D:6      | Noticed a sky beast
  3640 | D:6      | Got a pair of twisted gloves
  3655 | D:6      | Slain by a worker ant

Vault maps used:
D:1:      dpeg_arrival_three_bigger_balls
D:2:      first_ration
D:3:      gammafunk_temple_overflow_arena, lemuel_doored_altar
D:6:      tgw_trog, old_standard_altar, nicolae_overflow_hidden_temple,
          ebering_ghost_disaster_area, uniq_eustachio

Skill      XL: |  1  2  3  4 |
---------------+-------------+-----
Conjurations   | 2 3 |  3.6
Fire Magic     | 4 |  4.2
Spellcasting   | 4 |  4.2
Dodging        | |  2.4
Stealth        | |  2.4

Action                   |  1- 3 |  4- 6 || total
-------------------------+-------+-------++-------
Melee: Whip              |     3 |     9 ||    12
Throw: Stone             |    71 |    62 ||   133
 Cast: Flame Tongue      |    67 |    62 ||   129
  Eat: Chunk             |     3 |     5 ||     8
Armor: Robe              |     2 |     7 ||     9
Dodge: Dodged            |    21 |    36 ||    57

Table legend:
 A = Spawn XP
 B = Non-spawn XP
 C = Spawn XP percentage of total XP
 D = Spawn monster count
 E = Non-spawn monster count
 F = Spawn count percentage of total count
 G = Total turns spent on level
                    A         B        C        D         E        F      G
               +---------+---------+-------+---------+---------+-------+---------
         Total |       0 |     177 |   0.0 |       0 |      74 |   0.0 |  3655
               +---------+---------+-------+---------+---------+-------+---------
           D:1 |       0 |      48 |   0.0 |       0 |      19 |   0.0 |  1072
           D:2 |       0 |      53 |   0.0 |       0 |      21 |   0.0 |  1311
           D:3 |       0 |      76 |   0.0 |       0 |      34 |   0.0 |  1245
               +---------+---------+-------+---------+---------+-------+---------
